 Dungeon Crawl Stone Soup version 0.27-a0-419-g7a85846853 (webtiles) character file.

Game seed: 4818717484399431802

9 Chiseanne the Covered (level 2, 23/23 HPs)
             Began as a Demonspawn Wanderer on Feb 26, 2021.
             Quit the game on level 1 of the Dungeon.
             The game lasted 00:00:21 (230 turns).

Chiseanne the Covered (Demonspawn Wanderer)          Turns: 230, Time: 00:00:21

Health: 23/23      AC:  2    Str: 11    XL:     2   Next: 3%
Magic:  2/2        EV: 12    Int: 14    God:
Gold:   0          SH:  0    Dex: 12    Spells: 1/1 levels left

rFire    . . .     SeeInvis .   a - +2 hand crossbow
rCold    . . .     Faith    .   (no shield)
rNeg     . . .     Spirit   .   d - +0 robe
rPois    .         Reflect  .   (no helmet)
rElec    .         Harm     .   (no cloak)
rCorr    .         Rampage  .   (no gloves)
Will     .....                  (no boots)
Stlth    ++........             (no amulet)
HPRegen  0.07/turn              (no ring)
MPRegen  0.08/turn              (no ring)

@: no status effects
A: talons 1
a: no special abilities


You were on level 1 of the Dungeon.
You visited 1 branch of the dungeon, and saw 1 of its levels.

Inventory:

Hand Weapons
 a - a +2 hand crossbow (weapon)
Missiles
 b - 23 bolts (quivered ammo)
Armour
 d - a +0 robe (worn)
Scrolls
 c - 3 scrolls of teleportation
 e - a scroll of identify {unknown}


   Skills:
 * Level 2.4 Fighting
 - Level 1.7 Crossbows
 - Level 2.6 Armour
 * Level 1.5 Dodging
 - Level 1.0 Stealth
 - Level 1.0 Shields


You had one spell level left.
You didn't know any spells.
Your spell library was empty.

Dungeon Overview and Level Annotations

Branches:
Dungeon (1/15)

Altars:


Innate Abilities, Weirdness & Mutations

You have sharp toenails.


Message History

No target in view!
No target in view!
No target in view!
No target in view!
No target in view!
No target in view!
No target in view!
No target in view!
No target in view!
No target in view!
No target in view!
No target in view!
No target in view!
No target in view!
No target in view!
No target in view!
No target in view!
No target in view!
No target in view!
b - 14 bolts (gained 6)
b - 18 bolts (gained 4)
Things that are here:
a +0 dagger; a kobold corpse
b - 19 bolts (gained 1)
b - 21 bolts (gained 2)
You see here a jackal corpse.
b - 23 bolts (gained 2)
You see here a jackal corpse.
b - 24 bolts (gained 1)
c - 3 scrolls of teleportation (gained 1)
e - a scroll labelled ZOYSSOTIUB A bat comes into view.
The bat moves out of view.
A bat is nearby!
You shoot a bolt. The bolt hits the bat.
You kill the bat!
You have reached level 2!
Your demonic ancestry asserts itself...
Your toenails lengthen and sharpen.
Are you sure you want to abandon this character and quit the game? (Confirm with "yes".)

...##..####............#
...##..................#
..#...)................#
..#.###########.#......#
..#.# #.#...#.##
########### ###.#...#.#
≈≈≈.##....##≈##.#...# #
≈≈.........≈###.#...#.#
≈...........≈##.@.....#
#............###(#.####
.....≈≈≈......#......
....≈...≈..........#.#
....≈.<.≈.............?
....≈...≈.....##........
#....≈≈≈......##.###...#
##...........###.# ...
≈...........≈#


There were no monsters in sight!

Vanquished Creatures
  2 bats (D:1)
  3 jackals (D:1)
  A frilled lizard (D:1)
  2 kobolds (D:1)
8 creatures vanquished.

Notes
Turn   | Place    | Note
-------+----------+-------------------------------------------
     0 | D:1      | Chiseanne the Demonspawn Wanderer began the quest for the
                  | Orb.
     0 | D:1      | Chiseanne set off with the following items: a +2 hand
                  | crossbow, 27 bolts, 2 scrolls of teleportation, a +0 robe
     0 | D:1      | Reached XP level 1. HP: 16/16 MP: 1/1
   230 | D:1      | Gained mutation: You have sharp toenails. [demonic
                  | ancestry]
   230 | D:1      | Reached XP level 2. HP: 23/23 MP: 2/2
   230 | D:1      | Quit the game

Illustrated notes

Levels and vault maps discovered:
D:1:      enne_arrival_octagon_isle, layout_loops_cross,
          chequers_serial_rivers_large_a

Action                   || total
-------------------------++-------
 Fire: Hand crossbow     ||    24
Armor: Robe              ||     1
Dodge: Dodged            ||    12

Table legend: (Time is in decaauts)
 A = Elapsed time spent in this place.
 B = Non-inter-level travel time spent in this place.
 C = Inter-level travel time spent in this place.
 D = Time resting spent in this place.
 E = Time spent auto-exploring this place.
 F = Levels seen in this place.
 G = Mean time per level.
                   A        B        C        D        E       F      G
               +--------+--------+--------+--------+--------+-----+--------+
         Total |    240 |    240 |      0 |      0 |    202 |   1 |  240.0 |
       Dungeon |    240 |    240 |      0 |      0 |    202 |   1 |  240.0 |
               +--------+--------+--------+--------+--------+-----+--------+

Top non-repeatable levels by time:
     D:1: 240 daAuts
